 Dungeon Crawl Stone Soup version 0.30.1-11-g7821555f0a (webtiles) character file.

Game seed: 6739451732811518001

35711 CrazyMind the Destroyer (level 13, -8/87 HPs)
             Began as a Demonspawn Conjurer on Dec 21, 2023.
             Was an Initiate of Gozag.
             Killed from afar by a lindwurm (40 damage)
             ... with a blast of flame
             ... on level 5 of the Lair of Beasts on Dec 25, 2023.
             The game lasted 02:10:15 (26834 turns).

CrazyMind the Destroyer (Demonspawn Conjurer)      Turns: 26834, Time: 02:10:16

Health: -8/87      AC:  7    Str:  8    XL:     13   Next: 49%
Magic:  11/29      EV: 14    Int: 24    God:    Gozag
Gold:   2826       SH: 11    Dex: 12    Spells: 22/36 levels left

rFire   . . .        k - +2 short sword
rCold   . . .        (no shield)
rNeg    . . .        T - +1 robe of Death's Door {rPois rCorr Stlth+}
rPois   +            h - +2 hat
rElec   .            (no cloak)
rCorr   +            r - +0 pair of gloves
SInv    .            B - +0 pair of boots
Will    ++...        d - amulet of reflection
Stlth   +++++        K - ring of willpower
HPRegen 0.34/turn    q - ring of willpower
MPRegen 0.21/turn

%: reflection
@: no status effects
A: claws 2, large bone plates 2, ignite blood 2
a: Renounce Religion, Potion Petition, Call Merchant, Bribe Branch


You were on level 5 of the Lair of Beasts.
You worshipped Gozag.
Gozag was most pleased with you.
You visited 3 branches of the dungeon, and saw 16 of its levels.
You also visited: Sewer and Bailey.

You collected 3085 gold pieces.
You spent 173 gold pieces at shops.
You paid 86 gold pieces to Gozag.

Inventory:

Hand Weapons
 k - a +2 short sword (weapon)
 t - a +1 vampiric dagger
Missiles
 c - 2 curare-tipped darts (quivered)
 s - 2 boomerangs of dispersal
 v - 4 boomerangs
 w - 51 poisoned darts
 Q - a throwing net
 W - a silver boomerang
Armour
 a - a +3 leather armour of fire resistance
 h - a +2 hat (worn)
 r - a +0 pair of gloves (worn)
 A - a +0 leather armour of cold resistance
 B - a +0 pair of boots (worn)
 T - the +1 robe of Death's Door (worn) {rPois rCorr Stlth+}
   (You found it on level 8 of the Dungeon)

   rPois:     It protects you from poison.
   rCorr:     It protects you from acid and corrosion.
   Stlth:     It makes you more stealthy.
Magical Staves
 F - a staff of cold
Jewellery
 d - an amulet of reflection (around neck)
 o - a ring of see invisible
 q - a ring of willpower (right hand)
 K - a ring of willpower (left hand)
 M - a ring of wizardry
 U - a ring of protection from fire
Wands
 l - a wand of mindburst (10)
 x - a wand of flame (46)
 y - a wand of charming (8)
 C - a wand of polymorph (5)
 X - a wand of iceblast (14)
 Y - a wand of acid (5)
Scrolls
 f - 3 scrolls of teleportation
 p - a scroll of amnesia
 E - 2 scrolls of fear {unknown}
 H - a scroll of torment {unknown}
 I - 3 scrolls of poison
 P - a scroll of fog {unknown}
 S - a scroll of silence {unknown}
 V - 2 scrolls of magic mapping
 Z - 3 scrolls of blinking {unknown}
Potions
 b - 2 potions of magic
 e - 7 potions of heal wounds
 g - 3 potions of flight {unknown}
 i - 4 potions of berserk rage
 j - 3 potions of resistance
 m - a potion of invisibility {unknown}
 n - a potion of might {unknown}
 u - 6 potions of brilliance
 z - 6 potions of mutation {unknown}
 D - 2 potions of haste {unknown}
 J - a potion of attraction {unknown}
 L - 2 potions of degeneration {unknown}
 N - a potion of ambrosia {unknown}
 O - 4 potions of curing
 R - 2 potions of lignification {unknown}


   Skills:
 + Level 3.6 Fighting
 + Level 4.1 Short Blades
 + Level 4.2 Throwing
 + Level 5.8 Dodging
 + Level 7.9 Stealth
 + Level 4.6 Shields
 * Level 12.1 Spellcasting
 * Level 13.3 Conjurations
 * Level 5.8 Hexes
 + Level 2.2 Translocations
 + Level 1.2 Evocations


You had 22 spell levels left.
You knew the following spells:

 Your Spells              Type           Power      Damage    Failure   Level
a - Magic Dart            Conj           100%       1d8       1%          1
b - Searing Ray           Conj           100%       2d8       1%          2
c - Dazzling Flash        Conj/Hex       100%       N/A       1%          3
d - Iskenderun's Mystic   Conj/Tloc      51%        2d11      1%          4
e - Fulminant Prism       Conj/Hex       28%        3d14      1%          4

Your spell library contained the following spells:

 Spells                   Type           Power      Damage    Failure   Level
 Foxfire                  Conj/Fire      100%       2x1d9     1%          1
 Shock                    Conj/Air       100%       1d9       1%          1
 Lesser Beckoning         Tloc           50%        N/A       2%          2
 Flame Wave               Conj/Fire      46%        2d12      2%          4
 Sticky Flame             Conj/Fire      46%        2d6       2%          4
 Inner Flame              Hex/Fire       28%        N/A       3%          3
 Gell's Gravitas          Tloc           25%        N/A       4%          3
 Teleport Other           Tloc           25%        N/A       4%          3
 Fireball                 Conj/Fire      23%        3d11      8%          5
 Ignite Poison            Fire/Tmut/Pois 14%        N/A       13%         3
 Swiftness                Air            14%        N/A       13%         3
 Metabolic Englaciation   Hex/Ice        14%        N/A       34%         5
 Airstrike                Air            7%         2d(1-17)  38%         4
 Petrify                  Tmut/Erth      14%        N/A       38%         4
 Starburst                Conj/Fire      23%        6d8       38%         6
 Plasma Beam              Fire/Air       7%         2x1d19    100%        6
 Statue Form              Tmut/Erth      9%         N/A       100%        6
 Ignition                 Fire           7%         3d4       100%        8


Dungeon Overview and Level Annotations

Branches:
Dungeon (10/15) Zot: 25587  Temple (1/1) D:4 Zot: 5624    Lair (5/5) D:9 Zot: 20577
 Shoals (0/4) Lair:3        Snake (0/4) Lair:2        Sewer (visited)
 Bailey (visited)
  Slime: Lair:4-5       Orc: D:9-12

Altars:
Ashenzari
Cheibriados
Dithmenos
Fedhas
Gozag
Hepliaklqana
Kikubaaqudgha
Makhleb
Nemelex Xobeh
Okawaru
Qazlal
Ru
Sif Muna
Trog
Uskayaw
Vehumet
Wu Jian
Xom
Yredelemnul

Shops:
D:2 *   D:5 (   D:6 *

Annotations:
D:10 1 transporter, ciphuk's ghost, novice TrMo


Innate Abilities, Weirdness & Mutations

You have very sharp fingernails.
You are mostly covered in large bone plates. (SH +6)
Your demonic aura often causes spilled blood to erupt in flames.


Message History

Aiming: Fulminant Prism (mildly dangerous; 1% risk of failure)
Press: ? - help, Dir - move target You conjure a prism of explosive energy!
A fulminant prism comes into view.
Your fulminant prism crackles loudly.
Casting: Fulminant Prism (mildly dangerous; 1% risk of failure)
Confirm with . or Enter, or press ? or * to list all spells.
Aiming: Fulminant Prism (mildly dangerous; 1% risk of failure)
Press: ? - help, Dir - move target
Okay, then.
The lindwurm breathes flames at you. The blast of flame hits you!!!
Your fulminant prism crackles loudly.
Your fulminant prism explodes!
The blast of energy engulfs the lindwurm!!
The lindwurm is heavily wounded.
Throw: 3 darts (curare)
Press: ? - help, Q - select action, (/) - cycle Shift-Dir - straight line, f - lindwurm
Aim: a lindwurm (heavily wounded, catching its breath, ally target, 75% to hit)
You throw a curare-tipped dart.
The curare-tipped dart hits the lindwurm.
The lindwurm is poisoned.
The lindwurm convulses.
The lindwurm seems to slow down.
The lindwurm is heavily wounded.
Your fulminant prism explodes!
The blast of energy engulfs the lindwurm!
The lindwurm is almost dead.
Casting: Fulminant Prism (mildly dangerous; 1% risk of failure)
Confirm with . or Enter, or press ? or * to list all spells.
Aiming: Searing Ray (safe; 1% risk of failure)
Press: ? - help, Shift-Dir - straight line, f/p - lindwurm
Aim: a lindwurm (almost dead, very poisoned, slow, 92% to hit)
The searing ray misses the lindwurm. (Press . to maintain the ray.) Unknown command.
The searing ray misses the lindwurm.
The lindwurm breathes flames at you. The blast of flame hits you!!!
You die...
Your body crumbles into a pile of gold.

....#.....#.##........#
.....+....##.........#
....##.....#..##.##..# $
....#.....##.(#...##.##
...###................#
...P##.##.#..k......?.###
...##.⌠.#......§.⌠.##.....
...#.....#................
...#⌠.⌠..+..#...@...#..+..
...#........#.......# .#
...##.⌠.##..#..⌠.⌠..#
....##.####..#........##....
...##.#..##...........#.....#
...#
#....#...#....#........#.#.
...#
#.....#..#.###..#..........
...#
#......#...)..............
...###.....##......##........#


You could see a lindwurm (very poisoned, slow, catching breath).

Vanquished Creatures
  2 hydras
  3 two-headed ogres
  A boulder beetle (Lair:2)
  5 death yaks
  2 skysharks
  Pikel (D:5)
  A lindwurm (Lair:5)
  5 elephants (Lair:5)
  7 black mambas
  A gargoyle (Bailey)
  10 cane toads
  2 unseen horrors
  A rime drake (Lair:2)
  5 komodo dragons (Lair:5)
  A polar bear (Lair:4)
  2 trolls (D:10)
  5 dream sheep (Lair:5)
  14 blink frogs
  Sigmund (D:6)
  A shadow (D:7)
  2 wyverns
  2 vampires
  5 basilisks
  29 yaks
  7 steam dragons
  Edmund (D:4)
  4 nagas (Lair:2)
  An acid dragon (D:9)
  12 water moccasins
  3 ice beasts
  3 black bears
  4 orc warriors
  A sky beast (D:7)
  An ogre (D:5)
  5 centaurs
  Blork the orc (D:4)
  6 kobold brigands
  9 bullfrogs
  8 scorpions
  2 gnoll sergeants (D:8)
  5 wights
  6 jellies
  2 killer bees (D:9)
  9 vampire bats (Bailey)
  5 howler monkeys
  8 wolf zombies (Bailey)
  An electric eel (D:10)
  2 hounds
  6 orc priests
  A gnoll bouda (D:9)
  Ijyb (D:5)
  Terence (D:2)
  5 iguanas
  6 orc wizards
  Natasha (thrice) (D:4)
  8 gnolls (D:8)
  10 adders
  A river rat (Sewer)
  A shadow imp (D:8)
  A white imp (D:6)
  4 dart slugs
  A worm (D:5)
  28 orcs
  8 ball pythons
  5 bats
  8 endoplasms
  4 giant cockroaches
  9 goblins
  8 hobgoblins
  7 jackals
  5 quokkas
  A frilled lizard (D:1)
  22 kobolds
  21 orc zombies (Bailey)
  11 rats
400 creatures vanquished.

Vanquished Creatures (others)
  An orc (D:9)
  178 fulminant prisms
179 creatures vanquished.

Grand Total: 579 creatures vanquished

Notes
Turn   | Place    | Note
-------+----------+-------------------------------------------
     0 | D:1      | CrazyMind the Demonspawn Conjurer began the quest for the
                  | Orb.
     0 | D:1      | Reached XP level 1. HP: 13/13 MP: 3/3
   198 | D:1      | Gained mutation: You have sharp fingernails. [demonic
                  | ancestry]
   198 | D:1      | Reached XP level 2. HP: 19/19 MP: 0/5
   201 | D:1      | Learned a level 2 spell: Searing Ray
   737 | D:1      | Reached XP level 3. HP: 18/24 MP: 1/6
   787 | D:1      | Learned a level 3 spell: Dazzling Flash
   909 | D:1      | Found a faded altar of an unknown god.
  1488 | D:2      | Found Umataoll's Assorted Antiques.
  1676 | D:2      | Noticed Terence
  2264 | D:3      | Found a snail-covered altar of Cheibriados.
  2269 | D:3      | Gained mutation: You are partially covered in large bone
                  | plates. (SH +4) [demonic ancestry]
  2269 | D:3      | Reached XP level 4. HP: 27/30 MP: 3/7
  2528 | D:3      | Found a shimmering altar of Xom.
  3347 | D:3      | Reached skill level 5 in Conjurations
  3412 | D:4      | Noticed Edmund
  3625 | D:4      | Noticed a scorpion
  3805 | D:4      | Noticed a black bear
  3817 | D:4      | Killed a black bear
  3818 | D:4      | Gained mutation: You are mostly covered in large bone
                  | plates. (SH +6) [demonic ancestry]
  3818 | D:4      | Reached XP level 5. HP: 36/36 MP: 3/9
  3991 | D:2      | Killed Terence
  4069 | D:3      | Reached XP level 6. HP: 20/42 MP: 1/11
  4076 | D:3      | Learned a level 4 spell: Iskenderun's Mystic Blast
  4324 | D:4      | Noticed Natasha
  4327 | D:4      | Killed Natasha
  4417 | D:5      | Entered Level 5 of the Dungeon
  4448 | D:4      | Noticed Natasha
  4484 | D:4      | Killed Natasha
  4520 | D:5      | Noticed an ice beast
  4528 | D:5      | Killed an ice beast
  4646 | D:5      | Gained mutation: You have very sharp fingernails. [demonic
                  | ancestry]
  4646 | D:5      | Reached XP level 7. HP: 45/47 MP: 6/13
  4674 | D:5      | Reached skill level 6 in Conjurations
  4676 | D:5      | Reached skill level 1 in Short Blades
  4676 | D:5      | Reached skill level 1 in Throwing
  4690 | D:5      | Noticed Pikel
  4758 | D:5      | Killed Pikel
  4759 | D:5      | Gained mutation: Your demonic aura sometimes causes spilled
                  | blood to erupt in flames. [demonic ancestry]
  4759 | D:5      | Reached XP level 8. HP: 48/53 MP: 5/14
  4915 | D:5      | Found a glowing drain.
  4928 | Sewer    | Entered a sewer
  5263 | Sewer    | Reached skill level 1 in Shields
  5437 | Sewer    | Reached skill level 5 in Stealth
  5594 | Sewer    | Reached skill level 5 in Spellcasting
  5594 | Sewer    | Reached skill level 7 in Conjurations
  6217 | D:5      | Learned a level 4 spell: Fulminant Prism
  6299 | D:5      | Identified the amulet "Vese Feo" {RegenMP rC- rCorr Str+6
                  | Stlth+}
  6320 | D:5      | Noticed Ijyb
  6514 | D:5      | Found Kucohoc's Weapon Emporium.
  6641 | D:5      | Killed Ijyb
  6940 | D:6      | Reached skill level 1 in Evocations
  6989 | D:6      | Reached skill level 1 in Fighting
  7056 | D:6      | Found Raucke's Serpentskin Sales.
  7063 | D:6      | Reached XP level 9. HP: 47/59 MP: 12/17
  7522 | D:6      | Found a blossoming altar of Fedhas.
  7865 | D:6      | Noticed Sigmund
  8316 | D:7      | Noticed an unseen horror
  8960 | D:7      | Killed an unseen horror
  8961 | D:7      | Reached skill level 8 in Conjurations
  9195 | D:4      | Killed Edmund
  9199 | D:4      | Noticed Natasha
  9203 | D:4      | Killed Natasha
  9439 | D:4      | Found a staircase to the Ecumenical Temple.
  9439 | D:4      | Noticed Blork the orc
  9446 | D:4      | Killed Blork the orc
  9451 | Temple   | Entered the Ecumenical Temple
  9751 | Temple   | Became a worshipper of Gozag Ym Sagoz the Greedy
  9926 | D:6      | Killed Sigmund
 10250 | D:8      | Reached XP level 10. HP: 51/67 MP: 12/20
 11092 | D:8      | Identified the +1 robe of Death's Door {rPois rCorr Stlth+}
 11767 | D:9      | Found a flagged portal.
 11783 | Bailey   | Entered a bailey
 12120 | Bailey   | Reached skill level 1 in Hexes
 12216 | Bailey   | Noticed a gargoyle
 12760 | Bailey   | Killed a gargoyle
 13107 | D:9      | Noticed a two-headed ogre
 13121 | D:9      | Noticed a two-headed ogre
 13131 | D:8      | Killed a two-headed ogre
 13132 | D:8      | Reached skill level 9 in Conjurations
 13236 | D:9      | Found Zin's Purification Station.
 13254 | D:9      | Bought a potion of curing for 90 gold pieces
 14492 | D:9      | Killed a two-headed ogre
 14493 | D:9      | Gained mutation: Your demonic aura often causes spilled
                  | blood to erupt in flames. [demonic ancestry]
 14493 | D:9      | Reached XP level 11. HP: 68/73 MP: 2/23
 14935 | D:2      | Bought a scroll of identify for 50 gold pieces
 15046 | D:6      | Bought 2 curare-tipped darts for 33 gold pieces
 15605 | D:9      | Noticed a two-headed ogre
 15690 | D:9      | Found a staircase to the Lair.
 15833 | D:9      | Reached skill level 1 in Translocations
 15843 | D:9      | Killed a two-headed ogre
 16015 | D:10     | Entered Level 10 of the Dungeon
 16032 | D:10     | Noticed a two-headed ogre
 16033 | D:10     | Noticed ciphuk's ghost (novice TrMo)
 16034 | D:10     | Noticed a two-headed ogre
 16034 | D:10     | Noticed a two-headed ogre
 16492 | D:10     | Reached skill level 10 in Conjurations
 16492 | D:10     | Found a burning altar of Makhleb.
 16970 | D:10     | Found a transporter.
 17351 | Lair:1   | Entered Level 1 of the Lair of Beasts
 17718 | Lair:1   | Reached skill level 5 in Dodging
 18432 | Lair:1   | Reached skill level 11 in Conjurations
 18853 | Lair:1   | Reached skill level 10 in Spellcasting
 18998 | Lair:2   | Noticed a boulder beetle
 19115 | Lair:2   | Noticed a death yak
 19115 | Lair:2   | Noticed a death yak
 19116 | Lair:2   | Reached XP level 12. HP: 73/80 MP: 16/26
 19116 | Lair:2   | Noticed a death yak
 19116 | Lair:2   | Noticed a death yak
 19117 | Lair:2   | Noticed a death yak
 19561 | Lair:2   | Found a staircase to the Snake Pit.
 20248 | Lair:2   | Killed a death yak
 20511 | Lair:2   | Killed a boulder beetle
 20659 | Lair:2   | Killed a death yak
 20769 | Lair:2   | Killed a death yak
 20770 | Lair:2   | Reached skill level 12 in Conjurations
 21496 | Lair:1   | Killed a death yak
 21911 | Lair:2   | Killed a death yak
 22501 | Lair:3   | Found a staircase to the Shoals.
 23438 | Lair:4   | Noticed a four-headed hydra
 23838 | Lair:4   | Killed a four-headed hydra
 23972 | Lair:4   | Reached XP level 13. HP: 86/86 MP: 23/28
 25142 | Lair:5   | Entered Level 5 of the Lair of Beasts
 25273 | Lair:5   | Reached skill level 5 in Hexes
 25496 | Lair:5   | Reached skill level 13 in Conjurations
 26834 | Lair:5   | Killed from afar by a lindwurm

Illustrated notes

Levels and vault maps discovered:
D:1:      amcnicky_arrival_abandoned_market, layout_loops_ring,
          hellmonk_ecumenical_altar_crossroads
D:2:      layout_loops_ring, serial_shops, nicolae_shop_overgrown_old_shop,
          chequers_serial_rivers_micro_b, uniq_terence
D:3:      layout_basic, mainiacjoe_overflow_brackets, kennysheep_slug_shrine,
          nicolae_hexahallways, minmay_misc_feat_pillars, st_stairs_10
D:4:      layout_loops_ring, minmay_temple_entry_fiery, serial_rivers,
          chequers_serial_rivers_micro_e, chequers_serial_rivers_micro_d,
          chequers_serial_rivers_micro_b, chequers_serial_rivers_micro_e,
          chequers_serial_rivers_small_a, chequers_serial_rivers_small_b,
          uniq_edmund, uniq_blork_the_orc, uniq_natasha
D:5:      layout_gridville, serial_shops, kennysheep_little_box,
          cheibrodos_sewer_entry_bend, uniq_pikel, uniq_ijyb
D:6:      layout_gridville, mainiacjoe_overflow_alcove_4, minivault_11,
          reono_crystal_passage, minmay_misc_feat_nine_boxes,
          guppyfry_shop_venom, uniq_sigmund
D:7:      layout_rooms, serial_glass, glass_columns_b, glass_columns_a,
          glass_columns_a, glass_columns_a, glass_columns_c, glass_columns_c
D:8:      layout_rooms, mainiacjoe_overflow_cross_hatched,
          serial_co_window_serial, co_window_cross_1,
          co_window_of_opportunity_a, co_window_of_opportunity_a,
          co_window_corner_a, co_window_of_opportunity_a, co_window_broadway_a,
          co_window_broadway_c, co_window_broadway_c, co_window_broadway_a,
          co_window_corner_cb, co_window_2corner, co_window_paths_c,
          co_window_paths_d, glass_columns_a, glass_columns_a, glass_columns_a,
          glass_columns_b, glass_columns_a
D:9:      layout_cave_pools, zin_purify, grunt_lair_entry_orc_guard_hut,
          enter_bailey_3, minmay_circle_x
D:10:     layout_loops_ring, bloody_makhleb, gammafunk_ghost_smash,
          hangedman_decor_diamond_cutter, kennysheep_generic_room_4
Temple:   minmay_temple_bridge_d
Lair:1:   layout_chaotic_city
Lair:2:   layout_layer_cave, guppyfry_snake_entry_garden
Lair:3:   layout_loops_ring, minmay_shoals_entry_centaurs
Lair:4:   layout_regular_city, infiniplex_staircase_pool, lemuel_fruit_tree
Lair:5:   hellmonk_lair_end_abyssal_woods, layout_regular_city, slime_entry_1,
          grunt_megastairs_2, lemuel_fruit_fields, infiniplex_staircase_pool_2

Skill      XL: |  1  2  3  4  5  6  7  8  9 10 11 12 13 |
---------------+----------------------------------------+-----
Dodging        | 2 3 4 5 |  5.8
Stealth        | 2 3 4 5 6 7 |  7.9
Conjurations   | 5 6 7 8 9 11 12 13 | 13.3
Spellcasting   | 3 4 5 7 8 10 11 12 | 12.1
Short Blades   | 1 2 3 4 |  4.1
Throwing       | 1 2 3 4 |  4.2
Shields        | 1 2 3 4 |  4.6
Evocations     | 1 |  1.2
Fighting       | 1 2 3 |  3.6
Hexes          | 1 3 4 5 |  5.8
Translocations | 1 2 |  2.2

Action                     |  1- 3 |  4- 6 |  7- 9 | 10-12 | 13-15 || total
---------------------------+-------+-------+-------+-------+-------++-------
  Melee: Dagger            |    20 |    12 |       |       |       ||    32
         Punch             |       |     1 |       |     1 |       ||     2
         Short sword       |       |       |    19 |    67 |    41 ||   127
  Throw: Dart              |       |    10 |    15 |    30 |     1 ||    56
         Boomerang         |       |       |     2 |     2 |       ||     4
   Cast: Magic Dart        |    25 |     9 |    28 |    21 |     1 ||    84
         Searing Ray       |    21 |    25 |    75 |   138 |    21 ||   280
         Fulminant Prism   |       |       |     6 |   130 |    42 ||   178
         Dazzling Flash    |       |       |     1 |    12 |     5 ||    18
         Iskenderun's Myst |       |       |       |    31 |    10 ||    41
  Evoke: Wand              |       |     3 |     2 |       |       ||     5
    Use: Scroll            |       |     9 |     1 |     4 |       ||    14
         Potion            |       |       |       |     1 |       ||     1
   Stab: Sleeping          |     6 |     4 |     7 |    14 |     5 ||    36
         Invisible         |       |       |       |     2 |     3 ||     5
         Distracted        |       |       |       |     2 |     1 ||     3
 Armour: Robe              |    10 |    10 |    12 |    62 |    17 ||   111
         Steam dragon scal |       |       |     8 |     6 |       ||    14
  Dodge: Dodged            |    21 |    21 |    49 |   163 |    49 ||   303
  Block: Other             |       |     7 |    28 |   125 |    53 ||   213
         Reflection        |       |       |       |     3 |       ||     3
